Map: 潜水艇-天梯版

Players

TIME (Oliveira) - Winner!

  • Race: Terran Terran

正义的泉水沟 (BreakingGG)

  • Race: Zerg Zerg
  • League: Master

Event: DreamHack SC2 Masters 2020 Summer China

VOD

Have the link to the VOD?

Description

Time

  • Played on: July 1, 2020, 7:14 a.m.
  • Length: 13:21

All games in this series

Show
View Real Time Build Order
Export as new Build Order

TIME Terran - Winner!

Build Orders: Reaper Expand, Hellion Banshee 

Get SALT Encoding   

  12  0:00  SCV  
  13  0:12  SCV  
  14  0:17  Supply Depot  
  14  0:25  SCV  
  15  0:38  SCV  
  15  0:39  Barracks  
  16  0:43  Refinery  
  16  0:50  SCV  
  17  1:03  SCV  
  18  1:15  SCV  
  19  1:27  Reaper  
  19  1:28  Orbital Command  
  20  1:40  Command Center  
  20  1:50  Supply Depot  
  20  1:54  SCV  
  20  1:59  Marine  
  22  2:06  SCV  
  23  2:12  Refinery  
  23  2:13  Factory  
  23  2:18  SCV  
  23  2:21  Barracks Reactor  
  24  2:30  SCV  
  25  2:42  SCV  
  26  2:53  Orbital Command  
  26  2:55  SCV  
  27  2:58  Starport  
  27  3:03  Hellion x2  
  31  3:07  SCV  
  31  3:08  Barracks Tech Lab  
  32  3:19  SCV x2  
  34  3:24  Hellion  
  34  3:25  Hellion  
  34  3:26  Supply Depot  
  38  3:31  SCV x2  
  40  3:40  Cloaking Field, Banshee  
  43  3:43  Marine  
  43  3:44  SCV x2  
  46  3:49  Supply Depot  
  46  3:51  Hellion  
  46  3:52  Hellion  
  50  3:56  SCV x2  
  52  4:09  SCV  
  53  4:12  SCV  
  53  4:14  Command Center  
  54  4:17  Barracks Tech Lab  
  54  4:21  Supply Depot  
  54  4:23  SCV  
  55  4:24  Factory Reactor  
  55  4:27  Banshee  
  55  4:28  SCV  
  59  4:37  SCV, Barracks  
  60  4:39  Barracks  
  60  4:40  Marine  
  60  4:43  SCV  
  60  4:44  Stimpack  
  62  4:48  Supply Depot  
  62  4:51  SCV  
  63  4:55  SCV  
  64  5:00  Marine  
  64  5:02  Hellion x2  
  64  5:05  SCV  
  70  5:08  SCV  
  68  5:17  SCV  
  68  5:20  SCV  
  61  5:28  Marine x2  
  61  5:30  SCV  
  61  5:32  SCV  
  60  5:42  SCV  
  61  5:43  Engineering Bay  
  61  5:44  SCV, Engineering Bay  
  61  5:49  Orbital Command  
  56  5:51  Supply Depot  
  56  5:52  Marine x2  
  56  5:54  Marine  
  56  5:55  SCV  
  60  5:58  SCV  
  60  5:59  Starport Reactor, Refinery x2  
  60  6:02  Marine  
  60  6:03  Marine, Siege Tank  
  66  6:07  SCV  
  66  6:10  Marine  
  68  6:11  Terran Infantry Weapons Level 1, Terran Infantry Armor Level 1  
  68  6:12  Marine  
  68  6:13  Marine  
  68  6:15  Orbital Command  
  70  6:20  Marine  
  70  6:22  Marine  
  70  6:24  SCV  
  73  6:28  Marine  
  74  6:32  Marine  
  74  6:36  SCV, Marine  
  74  6:39  Medivac x2, Siege Tank  
  78  6:40  Marine  
  78  6:41  SCV  
  78  6:42  SCV  
  78  6:44  Combat Shield  
  78  6:45  Barracks  
  78  6:47  Marine, Barracks  
  81  6:48  SCV  
  81  6:50  Supply Depot, Marine  
  81  6:53  SCV  
  85  6:54  SCV, Marine  
  85  6:56  Marine  
  85  7:00  SCV  
  89  7:02  Marine  
  89  7:04  Supply Depot  
  89  7:05  Marine  
  89  7:06  SCV x2  
  89  7:08  Armory  
  93  7:11  Marine  
  93  7:12  SCV, Marine  
  93  7:13  Supply Depot  
  96  7:18  SCV, Marine  
  96  7:20  Siege Tank  
  101  7:23  Supply Depot  
  101  7:25  SCV x2, Marine x2  
  105  7:31  Supply Depot  
  105  7:32  Marine  
  105  7:34  Barracks Reactor x2  
  105  7:35  SCV, Marine  
  105  7:37  Supply Depot, Medivac  
  108  7:42  Medivac, Marine  
  108  7:43  SCV  
  108  7:44  SCV  
  115  7:49  Marine x2  
  114  7:53  Siege Tank  
  114  7:54  Marine  
  114  7:55  Refinery x2, Marine  
  114  7:58  SCV  
  120  8:00  Supply Depot, Marine  
  119  8:07  Marine x2, Terran Infantry Weapons Level 2  
  119  8:08  SCV  
  119  8:10  Marine  
  119  8:11  Marine x2  
  125  8:14  Marine x2  
  125  8:17  SCV  
  128  8:21  SCV  
  128  8:22  Terran Infantry Armor Level 2  
  128  8:23  Marine  
  128  8:25  Command Center, Marine x3  
  133  8:30  Siege Tank  
  136  8:40  Marine x3  
  137  8:42  SCV x2  
  137  8:44  Factory  
  137  8:45  Terran Vehicle Weapons Level 1  
  137  8:46  Supply Depot  
  137  8:47  Marine x2  
  141  8:49  Supply Depot  
  141  8:50  SCV  
  141  8:54  Marine  
  143  8:57  Marine x2  
  143  8:59  Medivac x2  
  149  9:08  Marine x2  
  151  9:10  Sensor Tower  
  151  9:11  Supply Depot  
  151  9:12  Siege Tank  
  151  9:15  Marine  
  155  9:21  Marine x2  
  155  9:22  Marine x3  
  155  9:24  SCV x2  
  155  9:25  Marine  
  155  9:27  SCV  
  155  9:29  Supply Depot  
  157  9:34  Marine  
  157  9:37  SCV, Marine  
  157  9:38  SCV  
  161  9:39  Marine  
  161  9:41  Factory Tech Lab  
  161  9:42  Medivac x2, Marine  
  161  9:44  Siege Tank  
  170  9:48  Barracks x3  
  170  9:49  Marine x2  
  172  9:54  Marine  
  173  10:00  Planetary Fortress  
  173  10:04  Marine  
  173  10:05  Marine x3  
  173  10:06  Siege Tank  
  176  10:07  Marine x2  
  176  10:10  Marine x2  
  180  10:15  Marine  
  181  10:21  Siege Tank  
  181  10:22  Marine  
  181  10:23  Marine x2  
  187  10:34  Marine  
  187  10:35  Marine x2  
  190  10:37  Medivac x2, Terran Infantry Weapons Level 3  
  190  10:39  Marine  
  190  10:40  Marine  
  185  10:53  Marine x3  
  185  10:54  Barracks Tech Lab x3  
  185  10:55  Siege Tank x2  
  147  10:57  Marine x2  
  137  11:06  Marine x3  
  137  11:09  SCV x2  
  137  11:10  Marine  
  137  11:11  Command Center, Refinery x2  
  139  11:12  Marine x2  
  139  11:16  Marine x2  
  139  11:17  Marauder x2, Marine  
  139  11:18  Concussive Shells  
  148  11:26  Marine x2  
  148  11:27  Marine, Siege Tank x2  
  148  11:28  Marauder, Marine  
  148  11:30  Marine  
  148  11:32  Marine  
  162  11:34  Marine x3  
  162  11:38  Marauder  
  162  11:39  Marauder  
  156  11:54  Marine  
  156  11:55  Marauder, Marine  
  156  11:57  Marine x2  
  156  11:58  Marauder  
  156  11:59  Marine x2  
  156  12:00  Marauder  
  161  12:02  Marine x2  
  161  12:03  Marauder  
  161  12:04  Siege Tank x2  
  161  12:06  Liberator  
  174  12:12  Marine x2  
  176  12:16  Marauder  
  176  12:17  Marine x3  
  176  12:19  Marauder  
  176  12:21  Marauder  
  178  12:35  Marine x2  
  178  12:36  Marauder  
  182  12:38  Marine, Siege Tank  
  182  12:43  Marine x2  
  182  12:44  Marauder  
  189  12:45  Marine x2, Siege Tank  
  189  12:46  Marauder  
  189  12:48  Command Center  
  185  12:51  Marine  
  185  12:52  Marauder  
  188  12:53  Marine x2  
Show
View Real Time Build Order
Export as new Build Order

正义的泉水沟 Zerg 

Build Orders: Hatch First 

Get SALT Encoding   

  12  0:01  Drone  
  13  0:12  Overlord  
  13  0:16  Drone  
  14  0:30  Drone x2  
  16  0:48  Hatchery  
  15  0:52  Drone  
  15  0:55  Drone  
  17  0:58  Drone  
  18  1:08  Extractor  
  17  1:12  Spawning Pool  
  17  1:16  Drone  
  17  1:19  Drone  
  18  1:27  Drone  
  19  1:39  Drone  
  20  1:49  Drone  
  21  2:00  Queen x2  
  21  2:01  Zergling x4  
  27  2:16  Hatchery  
  27  2:18  Drone  
  27  2:22  Overlord  
  27  2:24  Drone  
  28  2:36  Metabolic Boost  
  28  2:40  Drone x3  
  31  2:46  Drone x2  
  31  2:51  Queen  
  33  2:55  Overlord  
  35  2:58  Drone  
  35  3:03  Extractor  
  35  3:04  Drone  
  37  3:09  Overlord  
  37  3:15  Drone x3  
  37  3:18  Drone  
  37  3:19  Drone  
  42  3:26  Drone  
  43  3:28  Roach Warren  
  43  3:30  Queen  
  43  3:31  Drone  
  43  3:34  Drone  
  46  3:38  Drone  
  46  3:39  Extractor  
  46  3:41  Drone x3  
  49  3:45  Drone x2  
  51  3:48  Overlord  
  51  4:01  Overlord  
  51  4:05  Overlord  
  51  4:08  Roach x3  
  51  4:09  Roach x2  
  61  4:11  Roach  
  63  4:18  Zergling x6  
  63  4:22  Zergling x8  
  70  4:31  Overlord  
  70  4:33  Zergling x2  
  70  4:34  Zergling x2  
  72  4:42  Spore Crawler  
  72  4:44  Drone  
  72  4:47  Zergling x8  
  72  4:49  Ravager  
  72  4:50  Ravager x2  
  79  4:54  Zergling x8  
  83  5:02  Ravager  
  84  5:13  Ravager  
  81  5:18  Drone  
  81  5:19  Drone x3  
  76  5:25  Drone x6  
  76  5:27  Drone  
  75  5:29  Lair, Queen x2  
  75  5:31  Spore Crawler  
  75  5:33  Drone x3  
  76  5:38  Roach x2  
  76  5:41  Drone  
  81  5:44  Spore Crawler  
  81  5:46  Spore Crawler  
  81  5:47  Spore Crawler  
  81  5:49  Drone x3, Extractor  
  81  5:50  Evolution Chamber  
  81  5:51  Evolution Chamber  
  79  5:58  Drone x3  
  79  6:00  Ravager  
  83  6:04  Roach  
  83  6:05  Zergling x2, Roach  
  88  6:11  Drone x2  
  90  6:23  Hatchery  
  86  6:27  Overseer  
  86  6:31  Zergling x2  
  83  6:33  Drone x6  
  83  6:35  Drone x3  
  83  6:39  Drone x3  
  85  6:42  Drone x2  
  85  6:46  Drone x3  
  85  6:47  Zerg Missile Weapons Level 1, Zerg Ground Armor Level 1  
  90  6:54  Extractor  
  90  6:55  Overlord  
  90  6:56  Drone  
  90  6:58  Overlord  
  90  6:59  Overlord  
  90  7:01  Extractor  
  89  7:03  Queen, Extractor  
  89  7:04  Baneling Nest  
  89  7:05  Overlord  
  89  7:08  Overlord  
  89  7:11  Overlord  
  89  7:15  Roach x2  
  93  7:16  Roach x2  
  93  7:17  Drone x2  
  99  7:25  Glial Reconstitution  
  99  7:28  Zergling x2, Roach  
  99  7:29  Zergling x12  
  108  7:35  Overlord  
  108  7:38  Overlord, Pneumatized Carapace  
  108  7:47  Drone x3  
  110  7:51  Hatchery, Overlord  
  110  7:53  Spore Crawler, Roach  
  110  7:54  Roach x6  
  110  7:57  Centrifical Hooks  
  122  7:59  Drone  
  122  8:00  Drone  
  120  8:07  Zergling x2, Roach  
  120  8:12  Drone  
  124  8:16  Ravager x2  
  124  8:17  Zergling x2, Roach  
  124  8:18  Zergling x10  
  124  8:19  Baneling  
  134  8:20  Baneling x3  
  134  8:22  Overlord  
  133  8:34  Overlord  
  133  8:37  Ravager  
  133  8:39  Overlord x2  
  133  8:40  Zergling x2, Roach  
  133  8:41  Zergling x14  
  140  8:45  Zerg Ground Armor Level 2  
  140  8:48  Baneling x2  
  140  8:49  Drone  
  141  8:57  Zerg Melee Weapons Level 1  
  141  9:03  Drone  
  141  9:05  Drone  
  141  9:06  Drone x2  
  141  9:08  Queen  
  147  9:13  Zergling x10, Roach  
  147  9:16  Baneling  
  154  9:17  Baneling x2  
  154  9:22  Zergling x16  
  157  9:29  Drone  
  157  9:31  Infestation Pit  
  157  9:39  Zergling x16, Roach  
  157  9:40  Zergling x4  
  157  9:41  Baneling x10  
  157  9:42  Baneling  
  169  9:46  Hatchery, Zergling x8  
  169  9:50  Overlord  
  169  9:51  Baneling  
  169  9:52  Baneling x2  
  172  9:56  Drone x2  
  172  9:59  Zergling x6  
  175  10:07  Baneling  
  175  10:08  Overlord x3, Baneling x3  
  175  10:09  Overlord x2  
  175  10:18  Hive  
  175  10:22  Hatchery  
  169  10:28  Zergling x2  
  169  10:29  Zergling x16  
  169  10:35  Zergling x10, Roach  
  183  10:43  Baneling x12  
  159  10:52  Zergling x6, Roach  
  159  10:53  Zergling x6  
  138  10:57  Zergling x8, Roach  
  138  10:59  Zergling x2, Roach, Baneling  
  138  11:00  Baneling  
  123  11:09  Zergling x16, Roach  
  132  11:17  Baneling x6  
  132  11:18  Ravager, Infestor  
  133  11:24  Zergling x6, Roach  
  133  11:25  Zergling x4  
  137  11:31  Zergling x2, Roach  
  140  11:35  Viper  
  142  11:43  Zergling x2, Roach  
  142  11:44  Zergling x2  
  142  11:48  Hatchery  
  142  11:53  Zergling x2, Roach  
  142  11:54  Zergling x8  
  132  11:58  Zergling x4, Roach  
  124  12:02  Baneling  
  124  12:03  Baneling x4  
  124  12:05  Zergling x4  
  124  12:07  Zergling x6  
  124  12:08  Zergling x4  
  131  12:12  Zergling x2, Roach  
  134  12:16  Drone x3  
  134  12:20  Drone x2  
  134  12:21  Ultralisk Cavern, Drone  
  134  12:22  Zergling x6  
  142  12:29  Zergling x6, Roach  
  127  12:31  Baneling x3  
  127  12:32  Baneling x2  
  127  12:34  Roach  
  127  12:35  Zergling x2  
  111  12:46  Zergling x6, Roach  
Tags
 
Add a new tag
Caveats
  • Supply blocks, unpowered buildings, or Contaminate may cause inaccurate times.
  • Supply counts are checked every 10 seconds.